Unix NetHack Version 5.0.0-0 post-release - last build May 23 2026 06:08:33 (1c0ff79ee797540d5714e4e18072db0edd9e58ae,branch:main).

Game began 2026-05-24 06:11:02, ended 2026-05-24 06:18:51.

ArrBianca, lawful female human Knight

                --.|
                |...
                -...
               -....
              |.<.[.
              |[---.
           |)--.|
           |@.[.|
           |....|
           --.---
            ---

ArrBianca the Esquire    St:15 Dx:8 Co:10 In:8 Wi:16 Ch:18  Lawful
Dlvl:4  $:40 HP:0(25) Pw:21(21) AC:1  Xp:3 T:1432  Burdened

Latest messages:
 (For instructions type a '?')
 With great effort you move the boulder.
 You try to move the boulder, but in vain.
 You hit the shrieker!
 You hit the shrieker!
 The shrieker turns to flee.
 You caitiff!
 You kill the shrieker!
 Welcome to experience level 3.
 You kill the acid blob!
 You are splashed by the acid blob's acid!
 You fall down the stairs.
 You see here a tattered cape.
 You hear crashing rock.
 You hear crashing rock.
 You hear crashing rock.
 You are hit by an aklys.
 The aklys returns to its hand!
 You hit the gnome.
 You miss the gnome.
 The gnome swings his aklys.
 The gnome hits!
 You kill the gnome!
 You are beginning to feel hungry.
 What do you want to drink? [mDG or ?*] ?
 Yecch!  This tastes rotten.
 Call an effervescent potion: 
 You are beginning to feel hungry.
 What do you want to eat? [hjnoA or ?*] ?
 Blecch!  Rotten food!
 You feel rather light headed.
 You finish eating the apple.
 What do you want to eat? [hjnA or ?*] ?
 This carrot is delicious!
 You feel less confused now.
 What do you want to eat? [hjnA or ?*] h
 Blecch!  Rotten food!
 What do you want to eat? [hjnA or ?*] h
 This carrot is delicious!
 The gnome swings his aklys.
 The gnome hits!
 You miss the gnome.
 The gnome swings his aklys.
 The gnome hits!
 You kill the gnome!
 You have a little trouble lifting K - a scroll labeled KERNOD WEL.
 You hear crashing rock.
 You are hit by an arrow.
 You die...
 Do you want your possessions identified? [ynq] (y) q

Inventory:
 Coins    ('$')
  $ - 40 gold pieces
 Weapons  (')')
  a - a blessed +2 long sword (weapon in right hand)
  b - a +1 lance (alternate weapon; not wielded)
 Armor    ('[')
  d - an uncursed +0 helmet (being worn)
  f - a blessed +0 pair of leather gloves (being worn)
  e - an uncursed +2 small shield (being worn)
  c - an uncursed +1 ring mail (being worn)
 Comestibles  ('%')
  h - 7 uncursed carrots
  n - 3 uncursed food rations
  A - an uncursed pancake
  j - 3 uncursed tripe rations
 Scrolls  ('?')
  B - an uncursed scroll of enchant armor
  K - an uncursed scroll of identify
 Spellbooks  ('+')
  u - an uncursed spellbook of magic missile
 Potions  ('!')
  D - a blessed potion of restore ability
  G - a potion of unholy water
 Wands    ('/')
  l - a wand of lightning (0:3)
 Tools    ('(')
  E - an expensive camera (0:66)
  F - an uncursed skeleton key
 Gems/Stones  ('*')
  v - an uncursed worthless piece of yellowish brown glass

ArrBianca the Knight's attributes:

Background:
 You were an Esquire, a level 3 female human Knight.
 You were lawful, on a mission for Lugh
 who was opposed by Brigit (neutral) and Manannan Mac Lir (chaotic).
 You were right-handed.
 You were in the Gnomish Mines, on level 4.
 You entered the dungeon 1432 turns ago.
 You had 67 experience points, 13 more were needed to attain level 4.

Basics:
 You had 0 out of 25 hit points.
 You had all 21 energy points (spell power).
 Your armor class was 1.
 Your wallet contained 40 zorkmids.
 Autopickup was on for '$?!/="+%' plus thrown, with exceptions.

Final Characteristics:
 Your strength was 15 (limit:18/100).
 Your dexterity was 8 (limit:18).
 Your constitution was 10 (limit:18).
 Your intelligence was 8 (limit:18).
 Your wisdom was 16 (limit:18).
 Your charisma was 18 (limit:18).

Final Status:
 You weren't hungry.
 You were burdened; movement was slightly slowed.
 You were wielding a long sword.
 You had basic skill with long sword.

Final Attributes:
 You were devoutly aligned.
 You could jump.
 You were warded.
 You are dead.

Miscellaneous:
 You didn't encounter any bones levels.
 Total elapsed playing time was 7 minutes and 49 seconds.

Major events:
 Turn
    1: ArrBianca the lawful female human Knight entered the dungeon
 1349: attained the rank of Esquire (level 3)
 1373: entered the Gnomish Mines
 1432: killed by an arrow

You didn't know any spells.

Skills:
 Fighting Skills
   bare handed combat [Unskilled]
   two weapon combat  [Unskilled]
   riding             [Basic]
 Weapon Skills
   dagger             [Unskilled]
   knife              [Unskilled]
   axe                [Unskilled]
   pick-axe           [Unskilled]
   short sword        [Unskilled]
   broadsword         [Unskilled]
   long sword         [Basic]
   two-handed sword   [Unskilled]
   saber              [Unskilled]
   club               [Unskilled]
   mace               [Unskilled]
   morning star       [Unskilled]
   flail              [Unskilled]
   hammer             [Unskilled]
   polearms           [Unskilled]
   spear              [Unskilled]
   trident            [Unskilled]
   lance              [Basic]
   bow                [Unskilled]
   crossbow           [Unskilled]
 Spellcasting Skills
   attack spells      [Unskilled]
   healing spells     [Unskilled]
   clerical spells    [Unskilled]

Voluntary challenges:
 Character rerolling was not enabled.
 You never had a pet.
 You never genocided any monsters.
 You never polymorphed an object.
 You never changed form.
 You used no wishes.
Achievements:
 You attained the rank of Esquire.
 You entered the Gnomish Mines.

 The Dungeons of Doom: levels 1 to 4
    Level 1:
       Some fountains.
    Level 2:
    Level 3:
       An altar to Lugh, some fountains.
       Stairs down to The Gnomish Mines.
    Level 4:
 The Gnomish Mines:
    Level 4: <- You were here.
       Final resting place for
          you, killed by an arrow.


Vanquished creatures:
  2 shriekers
 an acid blob
  a coyote
  a red mold
  2 gnomes
  a gecko
  a jackal
  a kobold
  2 sewer rats
  3 grid bugs
  a lichen
  a kobold zombie
  4 newts
21 creatures vanquished.

No species were genocided or became extinct.

Game over:
                       ----------
                      /          \
                     /    REST    \
                    /      IN      \
                   /     PEACE      \
                  /                  \
                  |    ArrBianca     |
                  |      40 Au       |
                  |   killed by an   |
                  |      arrow       |
                  |                  |
                  |                  |
                  |       2026       |
                 *|     *  *  *      | *
        _________)/\\_//(\/(/\)/\//\/|_)_______

Fare thee well ArrBianca the Knight...

You died in The Gnomish Mines on dungeon level 4 with 474 points,
and 40 pieces of gold, after 1432 moves.
You were level 3 with a maximum of 25 hit points when you died.

